 Dungeon Crawl Stone Soup version 0.27.0-1-g7a089689b8 (webtiles) character file.

Game seed: 13988078883509102505

56 nicksoapdish the Firebug (level 3, 26/26 HPs)
             Began as a Draconian Fire Elementalist on Aug 6, 2021.
             Quit the game on level 5 of the Dungeon.
             The game lasted 00:05:36 (2224 turns).

nicksoapdish the Firebug (DrFE)                     Turns: 2224, Time: 00:05:37

Health: 26/26      AC:  5    Str: 10    XL:     3   Next: 69%
Magic:  7/7        EV: 12    Int: 16    God:
Gold:   59         SH:  0    Dex: 11    Spells: 6/7 levels left

rFire    . . .     SeeInvis .   b - +2 short sword (vamp)
rCold    . . .     Faith    .   (no shield)
rNeg     . . .     Spirit   .   (armour unavailable)
rPois    .         Reflect  .   (helmet restricted)
rElec    .         Harm     .   (no cloak)
rCorr    .         Rampage  .   (no gloves)
Will     .....                  (no boots)
Stlth    ++........             (no amulet)
HPRegen  0.08/turn              (no ring)
MPRegen  0.10/turn              (no ring)

@: no status effects
A: AC +5, unfitting armour, cold-blooded
a: no special abilities


You were on level 5 of the Dungeon.
You visited 1 branch of the dungeon, and saw 4 of its levels.

You collected 59 gold pieces.

Inventory:

Hand Weapons
 b - a +2 vampiric short sword (weapon)
Scrolls
 a - 2 scrolls of teleportation {unknown}
 d - a scroll of torment {unknown}
 e - a scroll of immolation {unknown}
 g - a scroll of brand weapon {unknown}
Potions
 c - 2 potions of magic {unknown}
 f - a potion of lignification {unknown}
 h - a potion of degeneration {unknown}
 i - a potion of curing {unknown}
 j - a potion of heal wounds {unknown}


   Skills:
 + Level 0.3 Short Blades
 - Level 1.7 Dodging
 - Level 1.7 Stealth
 + Level 0.3 Unarmed Combat
 + Level 2.7 Spellcasting
 * Level 1.9 Conjurations
 + Level 3.6 Fire Magic


You had 6 spell levels left.
You knew the following spells:

 Your Spells              Type           Power      Damage    Failure   Level
a - Foxfire               Conj/Fire      44%        2x1d6     6%          1

Your spell library contained the following spells:

 Spells                   Type           Power      Damage    Failure   Level
 Animate Skeleton         Necr           4%         N/A       19%         1
 Pain                     Necr           8%         1d4       19%         1
 Conjure Flame            Conj/Fire      11%        6-21      19%         3
 Inner Flame              Hex/Fire       7%         N/A       28%         3
 Vampiric Draining        Necr           1%         2d6       50%         3
 Sticky Flame             Conj/Fire      11%        2d3       52%         4
 Fireball                 Conj/Fire      5%         3d5       86%         5


Dungeon Overview and Level Annotations

Branches:
Dungeon (3/15)

Altars:
Sif Muna

Shops:
D:2 [


Innate Abilities, Weirdness & Mutations

Your plain brown scales are hard. (AC +5)
You cannot fit into any form of body armour.
You are cold-blooded and may be slowed by cold attacks.


Message History

You conjure some foxfire!
The foxfire hits the worm.
The worm is heavily wounded.
The worm barely misses you.
Casting: Foxfire (safe; 6% risk of failure)
Confirm with . or Enter, or press ? or * to list all spells.
You conjure some foxfire!
The foxfire hits the worm but does no damage.
The worm is heavily wounded.
The foxfire hits the worm.
The worm is almost dead.
The worm bites you but does no damage.
Casting: Foxfire (safe; 6% risk of failure)
Confirm with . or Enter, or press ? or * to list all spells.
You conjure some foxfire!
The foxfire hits the worm.
The worm is almost dead.
The foxfire hits the worm.
You kill the worm!
Your foxfire dissipates!
You see here a worm corpse.
A giant cockroach comes into view.
Casting: Foxfire (safe; 6% risk of failure)
Confirm with . or Enter, or press ? or * to list all spells.
You conjure some foxfire!
The foxfire hits the giant cockroach.
The giant cockroach is lightly wounded.
Your foxfire dissipates!
You puncture the giant cockroach!
You kill the giant cockroach!
You see here a giant cockroach corpse.
Found a shimmering blue altar of Sif Muna.
There is a shimmering blue altar of Sif Muna here.
Done exploring.
Done exploring.
There is a stone staircase leading down here.
You climb downwards.
There is a stone staircase leading up here.
You fall into a shaft and drop 2 floors!
The shaft crumbles and collapses.
An orc comes into view. It is wielding a +0 flail.
Are you sure you want to abandon this character and quit the game? (Confirm with "yes".)

#####
#..@#
#....#
#.o..#
+....#
#....#
#....#
######


You could see an orc (asleep).

Vanquished Creatures
  A worm (D:2)
  3 ball pythons
  8 bats
  3 endoplasms (D:1)
  3 giant cockroaches
  5 goblins
  5 hobgoblins
  4 jackals
  2 quokkas (D:1)
  3 frilled lizards
  6 kobolds (D:1)
  2 rats (D:1)
45 creatures vanquished.

Vanquished Creatures (others)
  108 foxfires
108 creatures vanquished.

Grand Total: 153 creatures vanquished

Notes
Turn   | Place    | Note
-------+----------+-------------------------------------------
     0 | D:1      | nicksoapdish the Draconian Fire Elementalist began the
                  | quest for the Orb.
     0 | D:1      | Reached XP level 1. HP: 14/14 MP: 3/3
   321 | D:1      | Reached XP level 2. HP: 15/20 MP: 0/5
   817 | D:1      | Reached XP level 3. HP: 26/26 MP: 4/6
  1715 | D:2      | Found Quimu's Antique Armour Shop.
  2142 | D:2      | Found a shimmering blue altar of Sif Muna.
  2223 | D:3      | You fall into a shaft and drop 2 floors!
  2223 | D:5      | Entered Level 5 of the Dungeon
  2224 | D:5      | Quit the game

Illustrated notes

Levels and vault maps discovered:
D:1:      dpeg_arrival_boxes_within_box, layout_basic
D:2:      layout_basic, serial_shops, nicolae_shop_stone, basic_altar,
          hangedman_decor_growths
D:3:      layout_basic, basic_ecumenical_altar, corexii_corridor_pit,
          uniq_grinder, uniq_crazy_yiuf_cottage
D:5:      layout_gridville

Action                   || total
-------------------------++-------
Melee: Unarmed           ||    13
       Tailslap          ||     2
       Short sword       ||     9
 Cast: Foxfire           ||    59
Armor: Skin              ||     8
Dodge: Dodged            ||    24
